 Dungeon Crawl Stone Soup version 0.30.0-20-g3615ddf2f0 (webtiles) character file.

Game seed: 1605171498761428655

405 qw the Chopper (level 6, -4/38 HPs)
             Began as a Gargoyle Fighter on June 1, 2023.
             Was an Initiate of Okawaru.
             Slain by a gnoll
             ... wielding a +0 spear
              (6 damage)
             ... on level 4 of the Dungeon.
             The game lasted 00:02:00 (4077 turns).

qw the Chopper (Gargoyle Fighter)                   Turns: 4077, Time: 00:02:00

Health: -4/38      AC: 20    Str: 19 (22) XL:     6   Next: 87%
Magic:  6/6        EV:  7    Int:  7 (8)  God:    Okawaru [......]
Gold:   168        SH:  4    Dex:  9      Spells: 5/5 levels left

rFire   . . .        Y - +2 war axe
rCold   . . .        c - +0 buckler
rNeg    + . .        j - +0 chain mail
rPois   inf          g - +2 helmet
rElec   +            (no cloak)
rCorr   .            (no gloves)
SInv    .            (no boots)
Will    .....        b - amulet of the acrobat Stlth
                     e - +4 ring of protection
HPRegen 0.26/turn    (no ring)
MPRegen 0.10/turn

%: acrobat
@: no status effects
A: sickness immunity, AC +4, negative energy resistance 1, electricity
resistance, torment resistance 1, petrification resistance
a: Renounce Religion


You were on level 4 of the Dungeon.
You worshipped Okawaru.
Okawaru was noncommittal.
You visited 2 branches of the dungeon, and saw 5 of its levels.

You collected 168 gold pieces.


Innate Abilities, Weirdness & Mutations

You are immune to sickness and miasma.
Your stone body is resilient. (AC +4)
You are immune to poison.
You resist negative energy. (rN+)
You are resistant to electric shocks. (rElec)
You are resistant to unholy torment.
You are immune to petrification.


   Skills:
 - Level 4.1 Fighting
 - Level 6.1 Axes
 - Level 3.2 Armour
 + Level 0.4 Dodging
 - Level 3.2 Shields


You had 5 spell levels left.
You didn't know any spells.
Your spell library was empty.

Inventory:

Hand Weapons
 f - a +0 morningstar
 Y - a +2 war axe (weapon)
Missiles
 a - a boomerang (quivered)
Armour
 c - a +0 buckler (worn)
 g - a +2 helmet (worn)
 j - a +0 chain mail (worn)
Jewellery
 b - an amulet of the acrobat (around neck)
 e - a +4 ring of protection (left hand)
Scrolls
 l - 2 scrolls of identify
 m - a scroll of immolation {unknown}
 p - a scroll of teleportation
Potions
 d - a potion of might
 h - a potion of mutation
 i - 3 potions of heal wounds
 k - a potion of haste
 n - 2 potions of lignification {unknown}
 o - a potion of brilliance {unknown}

Dungeon Overview and Level Annotations

Branches:
Dungeon (4/15)             Temple (1/1) D:4

Altars:
Ashenzari
Cheibriados
Dithmenos
Elyvilon
Fedhas
Gozag
Kikubaaqudgha
Makhleb
Okawaru
Ru
Sif Muna
Vehumet
Yredelemnul
Zin
The Shining One

Shops:
D:1 =   D:2 [   D:4 :


Message History

The gnoll hits you from afar with a +0 halberd.
The gnoll moves out of view.
You barely miss the kobold. The gnoll closely misses you.
The kobold hits you but does no damage.
You slash the kobold!
You kill the kobold!
Okawaru accepts your kill. You block the gnoll's attack.
You closely miss the hobgoblin. The gnoll barely misses you.
The hobgoblin hits you but does no damage.
You closely miss the hobgoblin.
The gnoll hits you from afar with a +0 halberd.
You block the gnoll's attack. The hobgoblin barely misses you.
You barely miss the hobgoblin.
The gnoll hits you from afar with a +0 halberd.
The gnoll hits you from afar with a +0 spear.
The hobgoblin hits you but does no damage.
The gnoll hits you from afar with a +0 halberd.
The hobgoblin barely misses you. The gnoll hits you but does no damage.
You closely miss the hobgoblin. The gnoll barely misses you.
The gnoll hits you from afar with a +0 spear.
The hobgoblin barely misses you.
You slash the hobgoblin!
You kill the hobgoblin!
Okawaru accepts your kill. The gnoll barely misses you.
The gnoll hits you from afar with a +0 spear.
You slash the gnoll!
The gnoll is almost dead.
The gnoll barely misses you.
The gnoll hits you but does no damage. x2
You slash the gnoll!
You kill the gnoll!
Okawaru accepts your kill.
The gnoll hits you from afar with a +0 halberd!
The gnoll hits you from afar with a +0 spear.
The gnoll hits you but does no damage.
The gnoll hits you from afar with a +0 spear.
You die...

~~~~~~~~~~~~~~~~~~~~~~~~~~~~~
~~~~~~~~~#####~~~~~~~~~~~~~~~
~~~~~~~~~# ################
~~~~~~~~~# #.............(#
#..............)
#+##..............#
#......########.... #......#
#.... #)@....########....
#g##...).........)#


#gg #.............(' #$$ #..............# #$$ ################ ### You could see
2 gnolls and a hobgoblin.

Vanquished Creatures
  A hound (D:4)
  Terence (D:2)
  An iguana (D:4)
  4 adders
  17 gnolls
  A white imp (D:3)
  5 worms
  A dart slug (D:2)
  5 orcs
  4 ball pythons
  4 bats (D:2)
  7 endoplasms
  3 giant cockroaches
  4 goblins
  7 hobgoblins
  2 jackals (D:1)
  35 kobolds
  2 quokkas
  4 frilled lizards
  11 rats
119 creatures vanquished.

Notes
Turn   | Place    | Note
-------+----------+-------------------------------------------
     0 | D:1      | qw the Gargoyle Fighter began the quest for the Orb.
     0 | D:1      | Reached XP level 1. HP: 14/14 MP: 1/1
     0 | D:1      | 0 ||| qw: Version: 0.2-a-102-gdf20003
     0 | D:1      | 0 ||| qw: Game counter: 749
     0 | D:1      | 0 ||| qw: Always use a shield: true
     0 | D:1      | 0 ||| qw: God list: Okawaru
     0 | D:1      | 0 ||| qw: Allow faded altars: false
     0 | D:1      | 0 ||| qw: Do Orc after D:15 true
     0 | D:1      | 0 ||| qw: Do second Lair branch before Depths: true
     0 | D:1      | 0 ||| qw: Lair rune preference: random
     0 | D:1      | 0 ||| qw: Plans: Normal, Zot:1-4, Slime:5, God:TSO, Crypt,
                  | Tomb, Pan, Hells, Abyss, Win
     0 | D:1      | 0 ||| PLANNING D:1-11
   217 | D:1      | Reached skill level 2 in Axes
   394 | D:1      | Found Loaqidex's Jewellery Boutique.
   401 | D:1      | 401 ||| SHOPLISTING +5 ring of evasion (396 gold, have 24).
   401 | D:1      | 401 ||| SHOPLISTING amulet of guardian spirit (330 gold,
                  | have 24).
   401 | D:1      | 401 ||| SHOPLISTING amulet of regeneration (330 gold, have
                  | 24).
   401 | D:1      | 401 ||| SHOPLISTING amulet of the acrobat (330 gold, have
                  | 24).
   401 | D:1      | 401 ||| SHOPLISTING ring of Ybbupim {rPois rN+ Will+ rCorr
                  | Str+3} (575 gold, have 24).
   459 | D:1      | Reached XP level 2. HP: 19/19 MP: 2/2
   625 | D:1      | 625 ||| DROPPING +0 club.
   887 | D:1      | 887 ||| UPGRADING to +0 helmet.
   892 | D:1      | 892 ||| UPGRADING to +4 ring of protection.
   893 | D:1      | 893 ||| READING scroll labelled ASONUCVUXT.
   894 | D:1      | 894 ||| READING scroll labelled PEUKLU XOCWIF.
   926 | D:2      | 926 ||| STAIRDANCE
   929 | D:1      | Reached skill level 3 in Axes
   929 | D:1      | Reached XP level 3. HP: 16/23 MP: 3/3
  1238 | D:2      | 1238 ||| Stepping ~*~*~tactically~*~*~ (hiding).
  1361 | D:2      | Noticed Terence
  1370 | D:2      | Killed Terence
  1371 | D:2      | Reached skill level 4 in Axes
  1371 | D:2      | Reached XP level 4. HP: 21/28 MP: 4/4
  1373 | D:2      | 1373 ||| Stepping ~*~*~tactically~*~*~ (stealth).
  1402 | D:2      | 1402 ||| DROPPING +0 mace.
  1556 | D:2      | 1556 ||| Stepping ~*~*~tactically~*~*~ (stealth).
  1605 | D:2      | 1605 ||| READING scroll labelled MULADY XIDER.
  1610 | D:2      | 1610 ||| READING scroll labelled RUFOSSE PUITZ.
  1611 | D:2      | 1611 ||| READING scroll labelled TOIZXY DYOLYOG.
  1612 | D:2      | 1612 ||| READING 2 scrolls of identify.
  1612 | D:2      | 1612 ||| IDENTIFYING fuming puce potion
  1686 | D:2      | 1686 ||| STAIRDANCE
  1733 | D:2      | Found Pamygi's Antique Armour Shoppe.
  1739 | D:2      | 1739 ||| FLEEEEING.
  1740 | D:2      | 1740 ||| FLEEEEING.
  1745 | D:2      | 1745 ||| STAIRDANCE
  1756 | D:2      | 1756 ||| SHOPLISTING chain mail (130 gold, have 52).
  1756 | D:2      | 1756 ||| SHOPLISTING pair of boots (130 gold, have 52).
  1756 | D:2      | 1756 ||| SHOPLISTING pair of runed gloves (217 gold, have
                  | 52).
  1756 | D:2      | 1756 ||| SHOPLISTING runed leather armour (145 gold, have
                  | 52).
  1756 | D:2      | 1756 ||| SHOPLISTING shiny scale mail (203 gold, have 52).
  1756 | D:2      | 1756 ||| SHOPLISTING spiked leather armour (203 gold, have
                  | 52).
  2196 | D:3      | Reached XP level 5. HP: 32/32 MP: 5/5
  2259 | D:3      | 2259 ||| Stepping ~*~*~tactically~*~*~ (stealth).
  2335 | D:3      | 2335 ||| Stepping ~*~*~tactically~*~*~ (hiding).
  2412 | D:3      | Found a glowing golden altar of the Shining One.
  2413 | D:3      | Found a shadowy altar of Dithmenos.
  2474 | D:3      | Found a sacrificial altar of Ru.
  2513 | D:3      | 2513 ||| READING scroll of enchant weapon.
  2513 | D:3      | 2513 ||| ENCHANTING +1 war axe.
  2750 | D:3      | Reached skill level 5 in Axes
  2931 | D:3      | 2931 ||| UPGRADING to +0 chain mail.
  2941 | D:3      | 2941 ||| DROPPING +0 scale mail.
  2942 | D:3      | 2942 ||| READING 3 scrolls labelled WECZAER JIHO.
  2943 | D:3      | 2943 ||| READING 2 scrolls of enchant armour.
  2943 | D:3      | 2943 ||| ENCHANTING +0 helmet.
  2944 | D:3      | 2944 ||| READING scroll of enchant armour.
  2944 | D:3      | 2944 ||| ENCHANTING +1 helmet.
  2945 | D:3      | 2945 ||| READING scroll labelled RITAAMPIOPS.
  2946 | D:3      | 2946 ||| DRINKING 2 gluggy blue potions.
  2947 | D:3      | 2947 ||| READING 2 scrolls of identify.
  2947 | D:3      | 2947 ||| IDENTIFYING lumpy yellow potion
  2991 | D:4      | 2991 ||| DROPPING +0 flail.
  3146 | D:4      | Found a staircase to the Ecumenical Temple.
  3147 | D:4      | 3147 ||| PLANNING TEMPLE
  3147 | D:4      | 3147 ||| UPGRADING to amulet of the acrobat.
  3152 | D:4      | 3152 ||| READING scroll labelled GUUXUU QAUNEI.
  3153 | D:4      | 3153 ||| DRINKING 2 dark potions.
  3154 | D:4      | 3154 ||| DROPPING potion of degeneration.
  3163 | Temple   | Entered the Ecumenical Temple
  3237 | Temple   | 3237 ||| PLANNING OKAWARU WORSHIP
  3367 | Temple   | Became a worshipper of Warmaster Okawaru
  3367 | Temple   | 3367 ||| PLANNING D:1-11
  3431 | D:4      | Found Paawi's Book Shop.
  3469 | D:4      | Reached XP level 6. HP: 38/38 MP: 6/6
  3760 | D:4      | 3760 ||| Stepping ~*~*~tactically~*~*~ (hiding).
  3997 | D:4      | 3997 ||| Stepping ~*~*~tactically~*~*~ (hiding).
  4022 | D:4      | Reached skill level 6 in Axes
  4077 | D:4      | HP: 4/38 [gnoll/+0 halberd (8)]
  4077 | D:4      | Slain by a gnoll

Levels and vault maps discovered:
D:1:      spicycebolla_arrival_ecumenical, layout_basic, serial_shops, shop
D:2:      layout_loops_cross, serial_shops, nicolae_shop_crystal,
          kennysheep_another_room, uniq_terence
D:3:      layout_loops_corners, nicolae_ru_awakened_eye,
          mainiacjoe_overflow_divided_tiny
D:4:      minmay_goblin_kobold_castle, layout_cave_pools, temple_hall,
          serial_shops, shop, kennysheep_generic_room_15
Temple:   nicolae_temple_slightly_damp_pantheon

Skill      XL: |  1  2  3  4  5  6 |
---------------+-------------------+-----
Axes           | 2 3 4 5 6 |  6.1
Fighting       | 4 |  4.1
Armour         | |  3.2
Dodging        | |  0.4
Shields        | |  3.2

Action                     |  1- 3 |  4- 6 || total
---------------------------+-------+-------++-------
  Melee: War axe           |    76 |   208 ||   284
  Throw: Boomerang         |       |    52 ||    52
    Use: Scroll            |     2 |    11 ||    13
         Potion            |       |     2 ||     2
   Stab: Distracted        |       |     1 ||     1
 Armour: Scale mail        |    33 |    26 ||    59
         Chain mail        |       |    93 ||    93
  Dodge: Dodged            |    32 |    87 ||   119
  Block: Buckler           |     9 |    42 ||    51

Table legend:
 A = Non-vault XP
 B = Vault XP
 C = Vault XP percentage of total XP
 D = Non-vault monster count
 E = Vault monster count
 F = Vault count percentage of total count
                 A         B        C        D         E       F
            +---------+---------+-------+---------+---------+-------
      Total |     318 |     275 |  46.4 |      71 |      48 |  40.3
            +---------+---------+-------+---------+---------+-------
        D:1 |      43 |       0 |   0.0 |      18 |       0 |   0.0
        D:2 |      50 |      36 |  41.9 |      19 |       1 |   5.0
        D:3 |     106 |       0 |   0.0 |      24 |       0 |   0.0
        D:4 |     119 |     239 |  66.8 |      10 |      47 |  82.5
            +---------+---------+-------+---------+---------+-------
